 Dungeon Crawl Stone Soup version 0.30-a0-948-g4fa250aae5 (webtiles) character file.

Game seed: 4850517070784695152

93 Orangeyouglad the Trooper (level 4, -4/48 HPs)
             Began as an Ogre Gladiator on Mar 24, 2023.
             Slain by a gnoll
             ... wielding a +0 halberd
              (6 damage)
             ... on level 2 of the Dungeon on Mar 26, 2023.
             The game lasted 00:03:38 (1579 turns).

Orangeyouglad the Trooper (Ogre Gladiator)          Turns: 1579, Time: 00:03:38

Health: -4/48      AC:  4    Str: 20    XL:     4   Next: 62%
Magic:  4/4        EV: 10    Int:  9    God:
Gold:   130        SH:  0    Dex: 10    Spells: 3/3 levels left

rFire   . . .      SeeInvis .    a - +0 trident
rCold   . . .      Faith    .    (no shield)
rNeg    . . .      Spirit   .    b - +0 robe
rPois   .          Reflect  .    c - +0 hat
rElec   .          Rampage  .    h - +0 cloak
rCorr   .                        (gloves unavailable)
Will    .....                    (boots unavailable)
Stlth   +                        (no amulet)
HPRegen 0.28/turn                (no ring)
MPRegen 0.09/turn                (no ring)

@: no status effects
A: large, unfitting armour, tough skin 1
a: no special abilities


You were on level 2 of the Dungeon.
You visited 1 branch of the dungeon, and saw 2 of its levels.

You collected 130 gold pieces.

Inventory:

Hand Weapons
 a - a +0 trident (weapon)
Missiles
 d - 2 throwing nets
 e - a large rock (quivered)
Armour
 b - a +0 robe (worn)
 c - a +0 hat (worn)
 h - a +0 cloak (worn)
Jewellery
 o - a ring of fire
Scrolls
 i - 2 scrolls of blinking {unknown}
 j - 3 scrolls of identify {unknown}
 m - a scroll of teleportation {unknown}
 n - 2 scrolls of enchant armour {unknown}
Potions
 f - 2 potions of might {unknown}
 g - a potion of cancellation {unknown}
 k - a potion of attraction {unknown}
 l - 2 potions of curing {unknown}


   Skills:
 + Level 3.8 Fighting
 + Level 3.6 Polearms
 + Level 2.8 Throwing
 + Level 3.3 Dodging


You had 3 spell levels left.
You didn't know any spells.
Your spell library contained the following spells:

 Spells                   Type           Power      Damage    Failure   Level
 Summon Small Mammal      Summ           0%         N/A       38%         1
 Call Canine Familiar     Summ           0%         N/A       77%         3
 Summon Guardian Golem    Hex/Summ       0%         N/A       77%         3


Dungeon Overview and Level Annotations

Branches:
Dungeon (2/15)

Altars:


Innate Abilities, Weirdness & Mutations

You are too large for most types of armour.
You have tough skin. (AC +1)


Message History

You hit the jackal.
You kill the jackal!
No target in view!
No target in view!
HP restored.
You see here a jackal corpse.
There is a stone staircase leading down here.
You climb downwards.
The gnoll shouts!
The gnoll hits you with a +0 flail.
There is a stone staircase leading up here.
You barely miss the gnoll. The gnoll hits you with a +0 flail.
You hit the gnoll.
The gnoll is lightly wounded.
The gnoll hits you with a +0 flail.
You barely miss the gnoll.
The gnoll is lightly wounded.
The gnoll barely misses you. The gnoll hits you with a +0 flail.
The scorpion closely misses you. The gnoll hits you with a +0 club.
The gnoll hits you with a +0 flail!
You climb upwards.
There is a stone staircase leading down here.
Okay, then.
Okay, then.
The scorpion stings you but does no damage.
The gnoll barely misses you. The gnoll hits you with a +0 flail.
You climb downwards.
The kobold shouts!
There is a stone staircase leading up here.
The gnoll completely misses you. The gnoll hits you with a +0 flail.
The gnoll attacks as you move away! The gnoll hits you with a +0 flail!
* * * LOW HITPOINT WARNING * * *
The gnoll attacks as you move away! The gnoll hits you with a +0 club.
* * * LOW HITPOINT WARNING * * *
The scorpion attacks as you move away! The scorpion barely misses you.
The gnoll barely misses you. The scorpion misses you.
The gnoll attacks as you move away! The gnoll hits you with a +0 club.
* * * LOW HITPOINT WARNING * * *
The gnoll hits you with a +0 halberd.
You die...

#................# #..##....
#####...............#####...#....
..........................#......
#####............)...............
gs###...........................#
#...............................#
####.#............$#........###.#
####.##.........<...).......# ..#
....(##.........@g#............##
.....s#...........g............ .
........s........gs............
.....#......................#..
....................<....#.#.
.................[#....##..#
.................K.....##.#
#.###....................... #.
#........................


You could see a scorpion, 3 gnolls and a kobold.

Vanquished Creatures
  3 gnolls
  An adder (D:2)
  A worm (D:2)
  2 dart slugs
  2 bats
  2 endoplasms (D:1)
  2 giant cockroaches (D:1)
  3 goblins
  4 hobgoblins
  4 jackals (D:1)
  4 quokkas
  5 ball pythons
  A frilled lizard (D:1)
  7 kobolds (D:1)
  5 rats
46 creatures vanquished.

Vanquished Creatures (others)
  A plant (D:1)
1 creature vanquished.

Grand Total: 47 creatures vanquished

Notes
Turn   | Place    | Note
-------+----------+-------------------------------------------
     0 | D:1      | Orangeyouglad the Ogre Gladiator began the quest for the
                  | Orb.
     0 | D:1      | Reached XP level 1. HP: 22/22 MP: 1/1
    20 | D:1      | You fall into a shaft and drop 1 floor!
    44 | D:2      | Reached XP level 2. HP: 12/31 MP: 2/2
   460 | D:1      | Reached XP level 3. HP: 36/37 MP: 3/3
   505 | D:1      | Upgraded the game from 0.30-a0-937-ga0a21ad780 to
                  | 0.30-a0-948-g4fa250aae5
  1276 | D:2      | Reached XP level 4. HP: 46/46 MP: 4/4
  1342 | D:2      | Noticed a scorpion
  1579 | D:2      | HP: 1/48 [gnoll/+0 club (5)]
  1579 | D:2      | Slain by a gnoll

Illustrated notes

Levels and vault maps discovered:
D:1:      psy_arrival_conway, layout_basic
D:2:      layout_rooms

Skill      XL: |  1  2 |
---------------+-------+-----
Fighting       | 3 |  3.8
Dodging        | 3 |  3.3
Polearms       | |  3.6
Throwing       | |  2.8

Action                     |  1- 3 |  4- 6 || total
---------------------------+-------+-------++-------
  Melee: Trident           |   130 |    31 ||   161
         Punch             |       |     1 ||     1
  Throw: Throwing net      |     4 |       ||     4
         Large rock        |     2 |       ||     2
   Stab: Sleeping          |     1 |       ||     1
 Armour: Robe              |    45 |    10 ||    55
  Dodge: Dodged            |    68 |    21 ||    89

Table legend: (Time is in decaauts)
 A = Elapsed time spent in this place.
 B = Non-inter-level travel time spent in this place.
 C = Inter-level travel time spent in this place.
 D = Time resting spent in this place.
 E = Time spent auto-exploring this place.
 F = Levels seen in this place.
 G = Mean time per level.
                   A        B        C        D        E       F      G
               +--------+--------+--------+--------+--------+-----+--------+
         Total |   1606 |   1469 |    137 |      2 |    951 |   2 |  803.0 |
       Dungeon |   1606 |   1469 |    137 |      2 |    951 |   2 |  803.0 |
               +--------+--------+--------+--------+--------+-----+--------+

Top non-repeatable levels by time:
     D:1: 1263 daAuts
     D:2: 343 daAuts
